 Dungeon Crawl Stone Soup version 0.31-a0-263-ge8cad7f256 (webtiles) character file.

Game seed: 2654306817538116745

13 qw the Shooter (level 2, -1/16 HPs)
             Began as a Gargoyle Hexslinger on July 13, 2023.
             Slain by a worm (6 damage)
             ... on level 2 of the Dungeon.
             The game lasted 00:00:12 (915 turns).

qw the Shooter (Gargoyle Hexslinger)                 Turns: 915, Time: 00:00:12

Health: -1/16      AC:  5    Str: 11    XL:     2   Next: 37%
Magic:  3/3        EV: 11    Int: 13    God:
Gold:   84         SH:  0    Dex: 12    Spells: 2/3 levels left

rFire   . . .        Y - +1 sling
rCold   . . .        (no shield)
rNeg    + . .        e - +0 leather armour
rPois   inf          (no helmet)
rElec   +            (no cloak)
rCorr   .            (no gloves)
SInv    .            (no boots)
Will    .....        (no amulet)
Stlth   +            (no ring)
HPRegen 0.22/turn    (no ring)
MPRegen 0.08/turn

%: no passive effects
@: no status effects
A: sickness immunity, AC +2, negative energy resistance 1, electricity
resistance, torment resistance 1, petrification resistance
a: no special abilities


You were on level 2 of the Dungeon.
You visited 1 branch of the dungeon, and saw 2 of its levels.

You collected 84 gold pieces.


Innate Abilities, Weirdness & Mutations

You are immune to sickness and miasma.
Your stone body is resilient. (AC +2)
You are immune to poison.
You resist negative energy. (rN+)
You are resistant to electric shocks. (rElec)
You are resistant to unholy torment.
You are immune to petrification.


   Skills:
 + Level 1.1 Fighting
 - Level 3.0 Ranged Weapons
 - Level 1.5 Dodging
 - Level 1.0 Spellcasting
 - Level 2.6 Hexes


You had 2 spell levels left.
You knew the following spells:

 Your Spells              Type           Power      Damage    Failure   Level
a - Slow                  Hex            28%        N/A       12%         1

Your spell library contained the following spells:

 Spells                   Type           Power      Damage    Failure   Level
 Inner Flame              Hex/Fire       4%         N/A       54%         3
 Portal Projectile        Hex/Tloc       8%         N/A       54%         3
 Cause Fear               Hex            3%         N/A       77%         4

Inventory:

Hand Weapons
 Y - a +1 sling (weapon)
Armour
 b - a +0 ring mail
 e - a +0 leather armour (worn)
Potions
 a - a potion of mutation {unknown}
 f - a potion of heal wounds {unknown}
 g - 2 potions of degeneration {unknown}

Dungeon Overview and Level Annotations

Branches:
Dungeon (2/15)

Altars:


Message History

The goblin is moderately wounded.
You shoot a sling bullet.
The sling bullet barely misses the goblin.
You shoot a sling bullet. The sling bullet hits the goblin!
You kill the goblin!
Your Ranged Weapons skill increases to level 3!
Things that are here:
a +0 dagger; a goblin corpse
There is a stone staircase leading down here.
Found a stone staircase leading up.
A worm comes into view.
You shoot a sling bullet. The sling bullet hits the worm.
The worm is moderately wounded.
You shoot a sling bullet. The sling bullet hits the worm.
The worm is moderately wounded.
You shoot a sling bullet.
The sling bullet barely misses the worm.
You shoot a sling bullet. The sling bullet hits the worm.
The worm is heavily wounded.
You shoot a sling bullet. The sling bullet hits the worm.
The worm is severely wounded.
You shoot a sling bullet.
The sling bullet barely misses the worm.
You shoot a sling bullet. The sling bullet hits the worm.
The worm is severely wounded.
You shoot a sling bullet.
The sling bullet barely misses the worm.
The worm bites you.
You shoot a sling bullet.
The sling bullet hits the worm but does no damage.
The worm is severely wounded.
The worm barely misses you.
You shoot a sling bullet. The sling bullet hits the worm!
The worm is almost dead.
The worm bites you!
Ouch! That really hurt!
You shoot a sling bullet.
The sling bullet barely misses the worm.
The worm bites you.
You die...

#.##.# #.# #.##.#
#.# ...#.# ##.##
.#...# #... ...###
#..# #..# #..#
##.# ######..# #.#
##.)>....######.
#.#
##.###...@w......
##.#
##.###<...#######.
...####.###.###.#
........# #. #.#
.######.# # #.# .#
##.# ... .# #.#
### .# #.. .# ###


You could see a worm.

Vanquished Creatures
  4 endoplasms
  A goblin (D:2)
  4 quokkas (D:1)
  A bat (D:1)
10 creatures vanquished.

Notes
Turn   | Place    | Note
-------+----------+-------------------------------------------
     0 | D:1      | qw the Gargoyle Hexslinger began the quest for the Orb.
     0 | D:1      | Reached XP level 1. HP: 12/12 MP: 2/2
     0 | D:1      | 0 ||| qw: Version: 0.3-a-52-g30416fa
     0 | D:1      | 0 ||| qw: Game counter: 7538
     0 | D:1      | 0 ||| qw: Melee chars always use a shield: true
     0 | D:1      | 0 ||| qw: God list: Okawaru
     0 | D:1      | 0 ||| qw: Allow faded altars: false
     0 | D:1      | 0 ||| qw: Do Orc after clearing Dungeon:15 true
     0 | D:1      | 0 ||| qw: Do second Lair branch before Depths: true
     0 | D:1      | 0 ||| qw: Lair rune preference: random
     0 | D:1      | 0 ||| qw: Goals: Normal
     0 | D:1      | 0 ||| PLANNING D:1-11
   320 | D:1      | Found a faded altar of an unknown god.
   356 | D:1      | Reached XP level 2. HP: 16/16 MP: 3/3
   591 | D:1      | HP: 4/16 [frozen (4)]
   785 | D:1      | 785 ||| UPGRADING to +0 leather armour.
   795 | D:1      | 795 ||| DROPPING +0 robe.
   796 | D:1      | 796 ||| READING scroll labelled FIFEJO YHET.
   797 | D:1      | 797 ||| DROPPING scroll of poison.
   896 | D:2      | Reached skill level 3 in Ranged Weapons
   915 | D:2      | Slain by a worm

Levels and vault maps discovered:
D:1:      shiori_angband_town, layout_loops_ring,
          chequers_ecumenical_altar_grove
D:2:      layout_loops_ring, serial_park_tiny_pond, uniq_terence

Skill      XL: |  1  2 |
---------------+-------+-----
Ranged Weapons | 3 |  3.0
Fighting       | |  1.1
Dodging        | |  1.5
Spellcasting   | |  1.0
Hexes          | |  2.6

Action                     || total
---------------------------++-------
   Fire: Sling             ||    42
    Use: Scroll            ||     1
 Armour: Robe              ||     9
  Dodge: Dodged            ||     5

Table legend:
 A = Non-vault XP
 B = Vault XP
 C = Vault XP percentage of total XP
 D = Non-vault monster count
 E = Vault monster count
 F = Vault count percentage of total count
                 A         B        C        D         E       F
            +---------+---------+-------+---------+---------+-------
      Total |      19 |       0 |   0.0 |      10 |       0 |   0.0
            +---------+---------+-------+---------+---------+-------
        D:1 |      15 |       0 |   0.0 |       8 |       0 |   0.0
        D:2 |       4 |       0 |   0.0 |       2 |       0 |   0.0
            +---------+---------+-------+---------+---------+-------
